 Dungeon Crawl Stone Soup version 0.28-a0-167-g7eff39e849 (webtiles) character file.

Game seed: 2946084600861029496

3036 Nattfarinn the Magician (level 10, -2/72 HPs)
             Began as a Djinni Venom Mage on Aug 16, 2021.
             Was a Follower of Makhleb.
             Slain by a yak (13 damage)
             ... on level 6 of the Dungeon.
             The game lasted 00:19:37 (9370 turns).

Nattfarinn the Magician (Djinni Venom Mage)         Turns: 9370, Time: 00:19:38

Health: -2/72      AC: 12    Str:  7    XL:     10   Next: 11%
Gold:   332        EV:  8    Int: 20    God:    Makhleb [*.....] SH:  0 Dex: 14

rFire   + . .      SeeInvis +   L - +5 short sword (freeze)
rCold   + . .      Faith    .   (no shield)
rNeg    . . .      Spirit   .   l - +0 ice dragon scales
rPois   ∞          Reflect  .   (no helmet)
rElec   .          Harm     .   t - +0 cloak
rCorr   .          Rampage  .   j - +0 pair of gloves
Will    ++...                   (boots unavailable)
Stlth   ..........              q - amulet of regeneration
HPRegen 1.22/turn               v - ring of willpower
MPRegen 0.00/turn               G - ring of see invisible

@: flying
A: sickness immunity, fire resistance 2, cold vulnerability 1, float, innate
caster, hp casting, extra vitality 1
a: Renounce Religion


You were on level 6 of the Dungeon.
You worshipped Makhleb.
Makhleb was aware of your devotion.
You visited 2 branches of the dungeon, and saw 9 of its levels.

You collected 376 gold pieces.
You spent 44 gold pieces at shops.

Inventory:

Hand Weapons
 e - a +0 spear
 s - a +2 dagger of venom
 B - a +1 antimagic spear
 F - a +3 great sword of freezing
 L - a +5 short sword of freezing (weapon)
Armour
 a - a +0 robe
 c - a scarf of harm
 j - a +0 pair of gloves (worn)
 l - +0 ice dragon scales (worn)
 t - a +0 cloak (worn)
 C - a +3 leather armour of cold resistance
 I - the +2 robe of Fuovvasm {Slay+2}
   (You found it on level 5 of the Dungeon)

   Slay:      It affects your accuracy & damage with ranged weapons and melee
   (+2).
Jewellery
 q - an amulet of regeneration (around neck)
 v - a ring of willpower (left hand)
 G - a ring of see invisible (right hand)
 J - a +4 ring of evasion
Scrolls
 b - a scroll of vulnerability
 d - 2 scrolls of fog
 g - 2 scrolls of brand weapon
 h - a scroll of magic mapping {unknown}
 k - a scroll of teleportation {unknown}
 p - 2 scrolls of enchant weapon
 r - a scroll of noise {unknown}
 x - a scroll of amnesia {unknown}
 y - a scroll of holy word {unknown}
 z - a scroll of identify
 E - a scroll of silence {unknown}
 H - a scroll of enchant armour {unknown}
Potions
 f - 2 potions of berserk rage
 i - 2 potions of lignification {unknown}
 m - a potion of cancellation {unknown}
 n - 2 potions of attraction {unknown}
 o - 2 potions of curing {unknown}
 u - 3 potions of flight {unknown}
 w - 2 potions of magic {unknown}
 A - 2 potions of heal wounds {unknown}
 D - a potion of might {unknown}
 K - a potion of brilliance {unknown}


   Skills:
 - Level 5.9 Fighting
 - Level 4.0 Armour
 - Level 5.1 Dodging
 - Level 1.5 Stealth
 + Level 5.2 Unarmed Combat
 + Level 7.2 Spellcasting


You had 3 spell levels left.
You knew the following spells:

 Your Spells              Type           Power      Damage    Failure   Level
a - Sting                 Tmut/Pois      100%       1d8       9%          1
b - Poisonous Vapours     Pois/Air       72%        N/A       12%         2
c - Mephitic Cloud        Conj/Pois/Air  36%        N/A       24%         3
d - Olgreb's Toxic Radia  Pois           36%        N/A       63%         4
e - Pain                  Necr           100%       1d9       9%          1
f - Corpse Rot            Necr/Air       N/A        N/A       12%         2
g - Spider Form           Tmut/Pois      18%        N/A       24%         3
h - Passage of Golubria   Tloc           N/A        N/A       63%         4
Your spell library was empty.

Dungeon Overview and Level Annotations

Branches:
Dungeon (8/15)             Temple (1/1) D:4
   Lair: D:8-11

Altars:
Cheibriados
Elyvilon
Kikubaaqudgha
Makhleb
Sif Muna
Uskayaw
Vehumet
Wu Jian
Xom
Yredelemnul
Zin

Shops:
D:3 *   D:4 [*   D:7 =

Annotations:
D:6 2 transporters, wpisznazwe's ghost, weakling TeDe


Innate Abilities, Weirdness & Mutations

You are immune to sickness and miasma.
You are immune to poison.
Your flesh is very heat resistant. (rF++)
You are vulnerable to cold. (rC-)
You float through the air rather than walking.
You learn spells naturally, not from books.
Your magical power is your life essence.
You have superior vitality. (+4 HP)


Message History

The yak gores you but does no damage.
Your magical contamination has completely faded away.
The yak looks more healthy. x2
The yak looks more healthy.
There is an entrance to Ebia's Jewellery Boutique here.
There is a stone staircase leading up here.
The yak gores you.
* * * LOW HITPOINT WARNING * * *
You fly upwards.
Level annotation: 2 transporters, wpisznazwe's ghost, weakling TeDe
There is a stone staircase leading down here.
You barely miss the yak.
The yak is moderately wounded.
The yak closely misses you.
You hit the yak. You freeze the yak.
The yak is heavily wounded.
The yak gores you!
* * * LOW HITPOINT WARNING * * *
You hit the yak. You freeze the yak.
The yak is heavily wounded.
The yak closely misses you.
You hit the yak. You freeze the yak.
The yak is heavily wounded.
The yak gores you!
* * * LOW HITPOINT WARNING * * *
You hit the yak. You freeze the yak.
The yak is heavily wounded.
The yak gores you but does no damage.
You hit the yak. You freeze the yak.
The yak is severely wounded.
The yak closely misses you. The yak gores you!
* * * LOW HITPOINT WARNING * * *
You barely miss the yak.
The yak is severely wounded.
The yak gores you!
* * * LOW HITPOINT WARNING * * *
You completely miss the yak.
The yak is severely wounded.
The yak gores you!
You die...

##.##<##.#######)##.####
#.##.##.#.............#
#.##.##.#.#.#.........#
#.##.##.#..###..##.##.#
#.##.##.#.## ##[....#<#
##.#........###..#...#.#####
.............#.#...........#
###...##.#.##.##.#...#.###.##
###.(..........Y@##.##......#
.....###............##.###..#
###.## ##..########.##.# #..#
#.# #..# #.##.# #..# #.# #..#
#.##.# #..# #.#
#..########.##.# #..#
###.#####...........##.###..#
...........###########.#.#..#
....#####..# #..#.[.#


You could see a yak.

Vanquished Creatures
  A wyvern (D:7)
  Eustachio (D:5)
  2 water moccasins
  2 ice beasts
  2 black bears
  A necrophage (D:5)
  3 ogres
  A centaur (D:7)
  2 kobold brigands
  A gnoll sergeant (D:5)
  3 bullfrogs
  2 scorpions
  A wyvern skeleton (D:7)
  A vampire bat (D:4)
  9 wights (D:7)
  A howler monkey (D:6)
  A bullfrog zombie (D:6)
  2 centaur zombies (D:6)
  4 hounds
  2 orc priests
  3 jellies
  A gnoll shaman (D:7)
  An iron imp (D:6)
  2 bullfrog skeletons
  A centaur skeleton (D:5)
  An iguana (D:6)
  2 orc wizards
  3 gnolls (D:5)
  4 adders
  A shadow imp (D:4)
  A white imp (D:5)
  2 dart slugs
  16 orcs
  8 ball pythons
  3 bats
  4 bat skeletons (D:4)
  2 bat zombies (D:4)
  7 endoplasms
  4 giant cockroaches
  7 goblins
  8 hobgoblins
  4 jackals (D:2)
  3 quokkas
  A frilled lizard (D:2)
  15 kobolds
  2 rats (D:2)
148 creatures vanquished.

Vanquished Creatures (collateral kills)
  A wight (D:7)
  A ball python (D:2)
2 creatures vanquished.

Vanquished Creatures (others)
  39 fungi (D:8)
  31 plants (D:8)
70 creatures vanquished.

Grand Total: 220 creatures vanquished

Notes
Turn   | Place    | Note
-------+----------+-------------------------------------------
     0 | D:1      | Nattfarinn the Djinni Venom Mage began the quest for the
                  | Orb.
     0 | D:1      | Reached XP level 1. HP: 15/15 MP: 0/0
   286 | D:1      | Reached XP level 2. HP: 11/22 MP: 0/0
   467 | D:1      | Reached skill level 1 in Fighting
  1272 | D:1      | Reached XP level 3. HP: 22/27 MP: 0/0
  1272 | D:1      | Learned a level 1 spell: Pain
  1728 | D:2      | Reached skill level 1 in Armour
  1808 | D:2      | Found a glowing silver altar of Zin.
  2457 | D:2      | Reached XP level 4. HP: 15/33 MP: 0/0
  3026 | D:3      | Found Fuum's Assorted Antiques.
  3145 | D:3      | Found a faded altar of an unknown god.
  4266 | D:4      | Reached XP level 5. HP: 24/40 MP: 0/0
  4266 | D:4      | Learned a level 2 spell: Corpse Rot
  4849 | D:4      | Reached XP level 6. HP: 39/46 MP: 0/0
  5026 | D:4      | Noticed a water moccasin
  5049 | D:4      | Killed a water moccasin
  5287 | D:4      | Found a staircase to the Ecumenical Temple.
  5320 | D:4      | Found Hakerryoq's Assorted Antiques.
  5328 | D:4      | Bought a scroll of identify for 44 gold pieces
  5370 | D:4      | Found an ornate altar of the Wu Jian Council.
  5460 | Temple   | Entered the Ecumenical Temple
  5506 | Temple   | Became a worshipper of Makhleb the Destroyer
  5696 | D:4      | Found Soid Poph's Antique Armour Shop.
  5978 | D:5      | Entered Level 5 of the Dungeon
  6061 | D:5      | Noticed Eustachio
  6139 | D:5      | Killed Eustachio
  6140 | D:5      | Reached XP level 7. HP: 20/53 MP: 0/0
  6140 | D:5      | Learned a level 3 spell: Spider Form
  6247 | D:5      | Reached skill level 5 in Fighting
  6599 | D:5      | Reached XP level 8. HP: 37/60 MP: 0/0
  6657 | D:5      | Reached skill level 5 in Dodging
  6719 | D:5      | Found a white marble altar of Elyvilon.
  6725 | D:5      | Found a basalt altar of Yredelemnul.
  7142 | D:5      | Identified the +2 robe of Fuovvasm {Slay+2}
  7205 | D:6      | Reached skill level 3 in Spellcasting
  7545 | D:6      | Reached skill level 4 in Spellcasting
  7617 | D:6      | Noticed wpisznazwe's ghost (weakling TeDe)
  7841 | D:6      | Reached skill level 5 in Spellcasting
  7854 | D:6      | Found a snail-covered altar of Cheibriados.
  7925 | D:6      | Reached XP level 9. HP: 63/66 MP: 0/0
  7925 | D:6      | Learned a level 4 spell: Passage of Golubria
  7991 | D:6      | Found a transporter.
  7991 | D:6      | Identified the +11 great mace "Ucagem" {freeze, Fragile rF+
                  | rC+}
  7991 | D:6      | Noticed a two-headed ogre
  7995 | D:6      | Found a transporter.
  8151 | D:7      | Reached skill level 1 in Unarmed Combat
  8210 | D:6      | Reached * piety under Makhleb
  8211 | D:6      | Reached skill level 6 in Spellcasting
  8808 | D:7      | Found Ebia's Jewellery Boutique.
  8840 | D:7      | Found a hide-covered altar of Uskayaw.
  9164 | D:7      | Reached skill level 7 in Spellcasting
  9164 | D:7      | Reached XP level 10. HP: 63/72 MP: 0/0
  9209 | D:8      | Reached skill level 5 in Unarmed Combat
  9328 | D:7      | HP: 3/72 [yak (3)]
  9370 | D:6      | Slain by a yak

Illustrated notes

Levels and vault maps discovered:
D:1:      psy_arrival_radial01, layout_basic
D:2:      layout_basic, basic_altar
D:3:      layout_basic, shapermc_ecumenical_altar_ellora, serial_shops,
          nicolae_square_shop
D:4:      layout_basic, kennysheep_vampire_church, mainiacjoe_overflow_alcove_1,
          minmay_temple_entry_overgrown, serial_shops,
          nicolae_shop_temple_entry_statues_fountains, nicolae_shop_statue_plus
D:5:      layout_basic, grunt_temple_overflow_open, uniq_eustachio
D:6:      layout_loops_ring, chei_slow_surprise, gammafunk_ghost_smash
D:7:      layout_rooms, mainiacjoe_overflow_alcove_4,
          chequers_serial_rivers_large_a, eino_tiny_chamber,
          nicolae_stop_n_shop_2, grunt_ministairs_7, grunt_tough_drop
D:8:      corexii_shack_village, layout_cave_pools, due_lair_maze_entry_diamond
Temple:   minmay_temple_curvy_loop

Skill      XL: |  1  2  3  4  5  6  7  8  9 10 |
---------------+-------------------------------+-----
Fighting       | 1 2 3 4 5 |  5.9
Armour         | 1 2 3 4 |  4.0
Dodging        | 3 4 5 |  5.1
Spellcasting   | 5 7 |  7.2
Unarmed Combat | 4 5 |  5.2
Stealth        | |  1.5

Action                   |  1- 3 |  4- 6 |  7- 9 | 10-12 || total
-------------------------+-------+-------+-------+-------++-------
Melee: Unarmed           |     2 |       |   252 |       ||   254
       Spear             |    13 |    21 |    97 |       ||   131
       Dagger            |       |   135 |       |       ||   135
       Great sword       |       |       |    43 |       ||    43
       Short sword       |       |       |    35 |    25 ||    60
       Punch             |       |       |     1 |     1 ||     2
 Cast: Sting             |    61 |    63 |       |       ||   124
       Mephitic Cloud    |     1 |       |     1 |       ||     2
       Poisonous Vapours |       |     8 |     5 |       ||    13
       Spider Form       |       |       |    23 |       ||    23
       Olgreb's Toxic Ra |       |       |     3 |     2 ||     5
Evoke: Wand              |       |       |    31 |       ||    31
  Use: Scroll            |       |     4 |     3 |       ||     7
 Stab: Sleeping          |     1 |       |     4 |       ||     5
       Confused          |       |       |     2 |       ||     2
Armor: Robe              |    11 |   103 |     3 |       ||   117
       Leather armour    |       |       |    67 |       ||    67
       Skin              |       |       |    14 |       ||    14
       Ice dragon scales |       |       |    41 |    29 ||    70
Dodge: Dodged            |    44 |   246 |   391 |    22 ||   703
       Rpst.: Great sword |       |       |     9 |       ||     9

Table legend: (Time is in decaauts)
 A = Elapsed time spent in this place.
 B = Non-inter-level travel time spent in this place.
 C = Inter-level travel time spent in this place.
 D = Time resting spent in this place.
 E = Time spent auto-exploring this place.
 F = Levels seen in this place.
 G = Mean time per level.
                   A        B        C        D        E       F      G
               +--------+--------+--------+--------+--------+-----+--------+
         Total |   9419 |   8977 |    442 |    874 |   6412 |   9 | 1046.6 |
       Dungeon |   9350 |   8941 |    409 |    874 |   6377 |   8 | 1168.8 |
        Temple |     69 |     36 |     33 |      0 |     35 |   1 |   69.0 |
               +--------+--------+--------+--------+--------+-----+--------+

Top non-repeatable levels by time:
     D:1: 1934 daAuts
     D:4: 1745 daAuts
     D:5: 1179 daAuts
     D:7: 1158 daAuts
     D:3: 1136 daAuts
     D:2: 1092 daAuts
     D:6: 1028 daAuts
     D:8: 73 daAuts
  Temple: 69 daAuts
